 Dungeon Crawl Stone Soup version 0.28-a0-697-g47f3eba078 (webtiles) character file.

Game seed: 7445487545364450434

75 MacCMillion the Firebug (level 3, -10/26 HPs)
             Began as a Demigod Fire Elementalist on Oct 23, 2021.
             Killed from afar by Ijyb (13 damage)
             ... with a puff of flame
             ... on level 3 of the Dungeon.
             The game lasted 00:07:20 (2869 turns).

MacCMillion the Firebug (Demigod Fire Elementalist) Turns: 2869, Time: 00:07:20

Health: -10/26     AC:  2    Str:  9    XL:     3   Next: 88%
Magic:  4/8        EV: 12    Int: 21    God:
Gold:   83         SH:  0    Dex: 14    Spells: 3/6 levels left

rFire   . . .      SeeInvis .   f - +1 dagger (speed)
rCold   . . .      Faith    .   (no shield)
rNeg    . . .      Spirit   .   a - +0 robe
rPois   .          Reflect  .   (no helmet)
rElec   .          Harm     .   (no cloak)
rCorr   .          Rampage  .   (no gloves)
Will    .....                   (no boots)
Stlth   ++........              (no amulet)
HPRegen 0.08/turn               (no ring)
MPRegen 0.11/turn               (no ring)

@: no status effects
A: high mp 1, forlorn
a: no special abilities


You were on level 3 of the Dungeon.
You visited 1 branch of the dungeon, and saw 3 of its levels.

You collected 83 gold pieces.

Inventory:

Hand Weapons
 b - a +0 long sword
 f - a +1 dagger of speed (weapon)
Missiles
 h - 5 atropa-tipped darts
Armour
 a - a +0 robe (worn)
 j - a +2 buckler
 q - a scarf of shadows
Scrolls
 d - 2 scrolls of enchant armour {unknown}
 e - 2 scrolls of identify {unknown}
 g - a scroll of teleportation {unknown}
 i - 4 scrolls of immolation {unknown}
 k - a scroll of fog {unknown}
 n - a scroll of amnesia {unknown}
 o - a scroll of enchant weapon {unknown}
Potions
 c - a potion of mutation {unknown}
 l - a potion of heal wounds {unknown}
 m - a potion of curing {unknown}
 p - a potion of cancellation {unknown}


   Skills:
 - Level 1.7 Dodging
 - Level 1.7 Stealth
 - Level 2.0 Spellcasting
 + Level 2.4 Conjurations
 + Level 3.6 Fire Magic


You had 3 spell levels left.
You knew the following spells:

 Your Spells              Type           Power      Damage    Failure   Level
a - Foxfire               Conj/Fire      60%        2x1d7     4%          1
b - Scorch                Fire           34%        2d6       4%          2

Your spell library contained the following spells:

 Spells                   Type           Power      Damage    Failure   Level
 Conjure Flame            Conj/Fire      15%        6-21      12%         3
 Inner Flame              Hex/Fire       9%         N/A       21%         3
 Flame Wave               Conj/Fire      15%        3d5       38%         4


Dungeon Overview and Level Annotations

Branches:
Dungeon (3/15)

Annotations:
D:3 Ijyb


Innate Abilities, Weirdness & Mutations

Your attributes grow dramatically as you level up.
You have an increased reservoir of magic. (+10% MP)
You shall have no god before yourself.


Message History

You kill the hobgoblin!
You see here a hobgoblin corpse.
A rat comes into view.
The rat barely misses you.
You barely miss the rat. The rat bites you but does no damage.
You barely miss the rat. The rat barely misses you.
Casting: Scorch (safe; 4% risk of failure)
Confirm with . or Enter, or press ? or * to list all spells.
Flames lash the rat.
You kill the rat!
You see here a rat corpse.
Ijyb the Twisted Goblin comes into view.
She is wielding a +0 dagger and carrying a wand of flame (18).
Ijyb shouts!
Ijyb zaps a wand.
The puff of flame hits you.
Ijyb zaps a wand.
The puff of flame hits you.
Casting: Scorch (safe; 4% risk of failure)
Confirm with . or Enter, or press ? or * to list all spells.
Flames lash Ijyb.
Ijyb is moderately wounded.
Ijyb's fire resistance burns away.
You conjure some foxfire!
You closely miss Ijyb.
Ijyb is moderately wounded.
The foxfire hits Ijyb but does no damage.
Ijyb is moderately wounded.
The foxfire hits Ijyb.
Ijyb is burned terribly!
Ijyb is heavily wounded.
Ijyb hits you with a +0 dagger.
You are too injured to fight recklessly!
Unknown command.
Casting: Foxfire (safe; 4% risk of failure)
Confirm with . or Enter, or press ? or * to list all spells.
You conjure some foxfire!
Ijyb zaps a wand.
The puff of flame hits you!
* * * LOW HITPOINT WARNING * * *
Your foxfire dissipates!
The foxfire hits Ijyb but does no damage.
Ijyb is heavily wounded.
Ijyb zaps a wand.
The puff of flame hits you!
Ouch! That really hurt!
You die...

#..#
##.####
#..# #.
##.## #.
#..# #.
#.## #.
#.# #g##
#†# #..#
##.# ##@#
#..# #.#
#.## #.#
#.# #.#
#.# #.#
#.## ##.#
#..##
#..#
##..##
#.##
##..###.#


You could see Ijyb (combustible).

Vanquished Creatures
  3 adders
  9 ball pythons
  3 endoplasms (D:1)
  2 giant cockroaches
  4 goblins
  5 hobgoblins
  A kobold (D:1)
  3 quokkas
  4 bats
  4 frilled lizards
  8 rats
46 creatures vanquished.

Vanquished Creatures (others)
  127 foxfires
127 creatures vanquished.

Grand Total: 173 creatures vanquished

Notes
Turn   | Place    | Note
-------+----------+-------------------------------------------
     0 | D:1      | MacCMillion the Demigod Fire Elementalist began the quest
                  | for the Orb.
     0 | D:1      | Reached XP level 1. HP: 14/14 MP: 5/5
    21 | D:1      | Reached skill level 1 in Conjurations
   414 | D:1      | Reached skill level 3 in Fire Magic
   414 | D:1      | Reached XP level 2. HP: 20/20 MP: 4/7
   430 | D:1      | Learned a level 2 spell: Scorch
  1505 | D:2      | Reached XP level 3. HP: 23/26 MP: 1/8
  2861 | D:3      | Noticed Ijyb
  2869 | D:3      | Killed from afar by Ijyb

Illustrated notes

Levels and vault maps discovered:
D:1:      eino_arrival_cavern_a, layout_basic, chequers_serial_rivers_micro_a
D:2:      layout_loops_ring
D:3:      layout_basic, nicolae_ru_path_of_blood, basic_ecumenical_altar,
          minmay_stone_trees_small, uniq_ijyb, uniq_grinder

Skill      XL: |  1  2 |
---------------+-------+-----
Conjurations   | 1 2 |  2.4
Spellcasting   | 2 |  2.0
Fire Magic     | 3 |  3.6
Dodging        | |  1.7
Stealth        | |  1.7

Action                   || total
-------------------------++-------
Melee: Dagger            ||    15
 Cast: Foxfire           ||    76
       Scorch            ||    10
Armor: Robe              ||     1
Dodge: Dodged            ||    10

Table legend: (Time is in decaauts)
 A = Elapsed time spent in this place.
 B = Non-inter-level travel time spent in this place.
 C = Inter-level travel time spent in this place.
 D = Time resting spent in this place.
 E = Time spent auto-exploring this place.
 F = Levels seen in this place.
 G = Mean time per level.
                   A        B        C        D        E       F      G
               +--------+--------+--------+--------+--------+-----+--------+
         Total |   2864 |   2833 |     31 |    228 |   2264 |   3 |  954.7 |
       Dungeon |   2864 |   2833 |     31 |    228 |   2264 |   3 |  954.7 |
               +--------+--------+--------+--------+--------+-----+--------+

Top non-repeatable levels by time:
     D:1: 1420 daAuts
     D:2: 1128 daAuts
     D:3: 315 daAuts
